[Event "Gibraltar Junior Intl U16 2019"]
[Site "Caleta"]
[Date "2019.08.18"]
[Round "5.9"]
[White "Shepherd, Tom"]
[Black "Tombolis, Christopher"]
[Result "0-1"]
[ECO "D37"]
[WhiteElo "1659"]
[BlackElo "1874"]
[Annotator "NA"]
[PlyCount "63"]
[EventDate "2019.08.16"]
[EventType "swiss"]
[EventCountry "GGB"]
[SourceTitle "playchess.com"]
[Source "ChessBase"]
[SourceQuality "1"]
[TimeControl "6600+10"]

1. d4 d5 2. c4 e6 3. Nf3 Nf6 4. Nc3 Be7 5. Bf4 O-O 6. e3 b6 7. Bd3 Bb7 8. O-O c5 9. dxc5 bxc5 10. cxd5 exd5 11. Ne5 d4 12. exd4 Qxd4 13. Bg3 Nbd7 14. Nxd7 Qxd7 15. Qc2 Rad8 16. Rad1 Qc6 17. f3 c4 18. Be4 Nxe4 19. Nxe4 f5 20. Nd2 Ba6 21. Rfe1 Bf6 22. Kh1 Rd5 23. Nb1 Rfd8 24. Nc3 Rd3 25. Be5 Bh4 26. Rf1 Qc5 27. Bg3 Bxg3 28. hxg3 R8d6 29. Rf2 Qe5 30. Re2 Qd4 31. Re8+ Kf7 32. Re2 0-1

[Event "Gibraltar Junior Intl U16 2019"]
[Site "Caleta"]
[Date "2019.08.18"]
[Round "5.10"]
[White "Akeya-Price, Robert"]
[Black "Onslow, Teddy"]
[Result "1/2-1/2"]
[ECO "D02"]
[WhiteElo "1988"]
[BlackElo "1739"]
[Annotator "NA"]
[PlyCount "129"]
[EventDate "2019.08.16"]
[EventType "swiss"]
[EventCountry "GGB"]
[SourceTitle "playchess.com"]
[Source "ChessBase"]
[SourceQuality "1"]
[TimeControl "6600+10"]

1. d4 d5 2. Nf3 Nf6 3. g3 Bg4 4. Ne5 Bf5 5. Bg2 e6 6. Nd2 Bd6 7. Ndf3 Nbd7 8. O-O O-O 9. c4 c6 10. Bg5 Be7 11. Qb3 Rb8 12. Nxd7 Qxd7 13. Ne5 Qd8 14. Bf4 Bd6 15. c5 Bc7 16. Qa4 a6 17. b4 Nd7 18. Nxd7 Qxd7 19. Qb3 Rfe8 20. Qb2 f6 21. Bxc7 Qxc7 22. Rfe1 e5 23. e4 Bxe4 24. Bxe4 dxe4 25. Rxe4 exd4 26. Qxd4 Rxe4 27. Qxe4 a5 28. Qe6+ Kf8 29. a3 Re8 30. Qf5 Qe5 31. Qxe5 Rxe5 32. Kg2 Re4 33. Rb1 Rc4 34. bxa5 Rxc5 35. Rxb7 Rxa5 36. Rc7 Rxa3 37. Rxc6 Kf7 38. Rc7+ Kg6 39. h4 h5 40. Rc5 Ra4 41. Rc3 f5 42. Rc6+ Kf7 43. Kf3 g6 44. Rd6 Kg7 45. Ke3 Ra3+ 46. Rd3 Ra6 47. Rd4 Kf6 48. Kf4 Rb6 49. f3 Ra6 50. g4 fxg4 51. fxg4 hxg4 52. Kxg4 Ra1 53. Rd6+ Kg7 54. Rd3 Rg1+ 55. Rg3 Rxg3+ 56. Kxg3 Kh6 57. Kg4 Kg7 58. Kg5 Kg8 59. Kxg6 Kh8 60. Kf5 Kh7 61. Ke4 Kh6 62. Kd4 Kh5 63. Ke4 Kxh4 64. Kd4 Kg4 65. Ke4 {[%emt 0:00:00] Kf5+ Kd4 Ke4+ Kd3+ Kd5 Kd4+} 1/2-1/2

[Event "Gibraltar Junior Intl U16 2019"]
[Site "Caleta"]
[Date "2019.08.18"]
[Round "5.11"]
[White "Martinez Soriano, Javier"]
[Black "Seleznev, Egor"]
[Result "1-0"]
[ECO "C45"]
[WhiteElo "1992"]
[BlackElo "1590"]
[Annotator "NA"]
[PlyCount "103"]
[EventDate "2019.08.16"]
[EventType "swiss"]
[EventCountry "GGB"]
[SourceTitle "playchess.com"]
[Source "ChessBase"]
[SourceQuality "1"]
[TimeControl "6600+10"]

1. e4 e5 2. Nf3 Nc6 3. d4 exd4 4. Nxd4 Nf6 5. Nxc6 bxc6 6. e5 Qe7 7. Qe2 Nd5 8. c4 Ba6 9. b3 g6 10. Bb2 Bg7 11. Nd2 O-O 12. Qe4 f5 13. exf6 Qxe4+ 14. Nxe4 Nxf6 15. Nxf6+ Bxf6 16. Bxf6 Rxf6 17. f3 d5 18. O-O-O Bb7 19. Bd3 Re6 20. h4 Rae8 21. Kd2 Kg7 22. h5 Re5 23. hxg6 hxg6 24. Rhe1 Kf6 25. f4 Rxe1 26. Rxe1 Rxe1 27. Kxe1 Bc8 28. Kd2 Bf5 29. Be2 Be4 30. g4 a5 31. Kc3 c5 32. cxd5 Bxd5 33. Kd3 c6 34. Kc3 Ke6 35. Bd3 Kf6 36. g5+ Kf7 37. Kb2 c4 38. bxc4 Bf3 39. Kc3 c5 40. Kd2 Bc6 41. Ke3 Be8 42. f5 gxf5 43. Bxf5 Ke7 44. Kf4 Bf7 45. Bd3 Bg8 46. Ke5 a4 47. a3 Be6 48. g6 Bg8 49. g7 Bf7 50. Bh7 Bxc4 51. g8=Q Bxg8 52. Bxg8 1-0

[Event "Gibraltar Junior Intl U16 2019"]
[Site "Caleta"]
[Date "2019.08.18"]
[Round "5.12"]
[White "Usharovsky, Ron"]
[Black "Bartelt, Max Peter"]
[Result "1-0"]
[ECO "C05"]
[WhiteElo "1670"]
[BlackElo "1803"]
[Annotator "NA"]
[PlyCount "65"]
[EventDate "2019.08.16"]
[EventType "swiss"]
[EventCountry "GGB"]
[SourceTitle "playchess.com"]
[Source "ChessBase"]
[SourceQuality "1"]
[TimeControl "6600+10"]

1. e4 e6 2. d4 d5 3. Nd2 Nf6 4. Bd3 c5 5. c3 Nc6 6. Ngf3 Be7 7. O-O O-O 8. dxc5 Bxc5 9. e5 Nd7 10. Nb3 Bb6 11. Bxh7+ Kxh7 12. Ng5+ Kg6 13. Qd3+ f5 14. Qg3 Qe7 15. Nxe6+ Kf7 16. Nxf8 Kxf8 17. Re1 Nc5 18. Be3 Nxb3 19. axb3 Bxe3 20. Rxe3 Be6 21. Qg6 Qf7 22. Qg5 Ke8 23. Rg3 Nxe5 24. Re1 Nc6 25. Qxg7 Kd7 26. Qh6 Kd6 27. Rg7 Qe8 28. Qf4+ Kc5 29. Rxb7 a5 30. b4+ axb4 31. cxb4+ Nxb4 32. Qxb4+ Kc6 33. Qb6# 1-0

[Event "Gibraltar Junior Intl U16 2019"]
[Site "Caleta"]
[Date "2019.08.18"]
[Round "5.13"]
[White "Gogia, Armaan"]
[Black "Nayak, Aurideep"]
[Result "1-0"]
[ECO "B42"]
[WhiteElo "1754"]
[BlackElo "1546"]
[Annotator "NA"]
[PlyCount "41"]
[EventDate "2019.08.16"]
[EventType "swiss"]
[EventCountry "GGB"]
[SourceTitle "playchess.com"]
[Source "ChessBase"]
[SourceQuality "1"]
[TimeControl "6600+10"]

1. e4 c5 2. Ne2 e6 3. d4 cxd4 4. Nxd4 a6 5. Bd3 Qc7 6. O-O Nc6 7. Nxc6 bxc6 8. c4 Nf6 9. Nc3 Bb4 10. Be3 Bxc3 11. bxc3 Qa5 12. Qb3 c5 13. e5 Ng4 14. Be4 Ra7 15. Qb8 Qc7 16. Qxc7 Rxc7 17. Bf4 O-O 18. Rab1 f6 19. exf6 e5 20. Bd5+ Kh8 21. fxg7+ 1-0

[Event "Gibraltar Junior Intl U16 2019"]
[Site "Caleta"]
[Date "2019.08.18"]
[Round "5.14"]
[White "Hirst, Joe"]
[Black "Hernandez Tellez, Claudia"]
[Result "1-0"]
[ECO "B36"]
[WhiteElo "1639"]
[BlackElo "1711"]
[Annotator "NA"]
[PlyCount "108"]
[EventDate "2019.08.16"]
[EventType "swiss"]
[EventCountry "GGB"]
[SourceTitle "playchess.com"]
[Source "ChessBase"]
[SourceQuality "1"]
[TimeControl "6600+10"]

1. e4 c5 2. Nf3 Nc6 3. d4 cxd4 4. Nxd4 g6 5. c4 Nf6 6. Nc3 d6 7. Be2 Nxd4 8. Qxd4 Bg7 9. Be3 O-O 10. Qd2 Be6 11. f3 Qa5 12. a3 Rfc8 13. Nd5 Qxd2+ 14. Bxd2 Nxd5 15. exd5 Bd7 16. Rb1 Bf5 17. Ra1 Bxb2 18. Ra2 Bd4 19. a4 b6 20. Bf4 Rc5 21. Kd2 Rb8 22. Bd3 Bxd3 23. Kxd3 Bf6 24. g4 Rbc8 25. Rc1 Kf8 26. g5 Bg7 27. Rcc2 Rb8 28. Ra3 Ke8 29. Re2 Kd7 30. Re4 a6 31. Be3 Rc7 32. Rb3 Rcb7 33. Rh4 Rh8 34. Rxb6 Rxb6 35. Bxb6 h5 36. gxh6 Rxh6 37. Rxh6 Bxh6 38. c5 dxc5 39. Kc4 Be3 40. Bxc5 Bxc5 41. Kxc5 Kc7 42. f4 f6 43. h4 f5 44. a5 Kb7 45. d6 e6 46. Kd4 Kc6 47. Ke5 Kd7 48. Kf6 Kxd6 49. Kxg6 e5 50. fxe5+ Kxe5 51. h5 f4 52. h6 f3 53. h7 f2 54. h8=Q+ Kd5 1-0

[Event "Gibraltar Junior Intl U16 2019"]
[Site "Caleta"]
[Date "2019.08.18"]
[Round "5.15"]
[White "Greco, Joseph"]
[Black "Mendis, Vidura"]
[Result "1-0"]
[ECO "C01"]
[WhiteElo "1690"]
[BlackElo "1528"]
[Annotator "NA"]
[PlyCount "89"]
[EventDate "2019.08.16"]
[EventType "swiss"]
[EventCountry "GGB"]
[SourceTitle "playchess.com"]
[Source "ChessBase"]
[SourceQuality "1"]
[TimeControl "6600+10"]

1. e4 e6 2. d4 d5 3. exd5 exd5 4. g3 Nf6 5. Bg2 Bd6 6. Ne2 O-O 7. O-O Bf5 8. c4 Be4 9. Bxe4 dxe4 10. Nec3 Qd7 11. Nd2 Re8 12. Re1 Qf5 13. Ndxe4 Nxe4 14. f3 Nf6 15. Rxe8+ Nxe8 16. c5 Bf8 17. g4 Qd7 18. Be3 Nc6 19. Qb3 b6 20. Rd1 Qe7 21. Kf2 Qh4+ 22. Kg1 Na5 23. Qa4 Rd8 24. Ne4 Qe7 25. b4 Nc4 26. Bg5 f6 27. Bc1 Qd7 28. Qa6 Ne5 29. Kf2 Nc6 30. Qc4+ Qd5 31. Qc3 bxc5 32. bxc5 Qxa2+ 33. Rd2 Qa4 34. d5 Ne5 35. g5 fxg5 36. Qxe5 Qc4 37. Qe6+ Kh8 38. Ba3 Rb8 39. Qf5 Nf6 40. d6 cxd6 41. cxd6 Rb3 42. d7 Nxd7 43. Rxd7 Rxa3 44. Qxf8+ Qg8 45. Rd8 1-0

[Event "Gibraltar Junior Intl U16 2019"]
[Site "Caleta"]
[Date "2019.08.18"]
[Round "5.16"]
[White "Khan, Samir"]
[Black "Aubury, Benjamin"]
[Result "0-1"]
[ECO "B10"]
[WhiteElo "1282"]
[BlackElo "1686"]
[Annotator "NA"]
[PlyCount "128"]
[EventDate "2019.08.16"]
[EventType "swiss"]
[EventCountry "GGB"]
[SourceTitle "playchess.com"]
[Source "ChessBase"]
[SourceQuality "1"]
[TimeControl "6600+10"]

1. e4 c6 2. d3 d5 3. Nd2 g6 4. Ngf3 Bg7 5. g3 e5 6. Bg2 Ne7 7. O-O O-O 8. Re1 d4 9. h3 c5 10. Nf1 Nbc6 11. N1h2 b5 12. h4 h5 13. Bg5 f6 14. Bd2 c4 15. Qc1 Kh7 16. a3 Be6 17. Kh1 Rc8 18. Ng1 cxd3 19. cxd3 Nb4 20. Qb1 Nc2 21. Bh3 Bxh3 22. Nxh3 Nxe1 23. Qxe1 Rc2 24. Qd1 Qc8 25. Rb1 Rxd2 26. Qxd2 Qxh3 27. Qa5 Qd7 28. Kg2 Rc8 29. Qd2 Qc7 30. Rf1 Bh6 31. Qb4 Qc5 32. Qa5 Qb6 33. Qb4 Bf8 34. Qd2 Qc5 35. Qe2 Qc2 36. Qf3 f5 37. exf5 Nxf5 38. Qe4 Qc6 39. Qxc6 Rxc6 40. Nf3 Bd6 41. Re1 Rc2 42. b4 Ne3+ 43. Kg1 Ng4 44. Ng5+ Kg7 45. Ne4 Be7 46. Ra1 Nf6 47. Ng5 Rc3 48. Re1 Bd6 49. Nf3 Rxd3 50. Nxe5 Bxe5 51. Rxe5 Rxa3 52. Rxb5 d3 53. Rb7+ Kh6 54. g4 hxg4 55. h5 gxh5 56. Rf7 d2 57. Rxf6+ Kg5 58. Rd6 Ra1+ 59. Kg2 d1=Q 60. Rxd1 Rxd1 61. b5 Rb1 62. Kh2 Rxb5 63. f3 Rb2+ 64. Kg3 h4# 0-1

[Event "Gibraltar Junior Intl U16 2019"]
[Site "Caleta"]
[Date "2019.08.18"]
[Round "5.17"]
[White "Dharmasena, Gavith"]
[Black "Hussain, Adam"]
[Result "1/2-1/2"]
[ECO "C01"]
[WhiteElo "1585"]
[BlackElo "1515"]
[Annotator "NA"]
[PlyCount "124"]
[EventDate "2019.08.16"]
[EventType "swiss"]
[EventCountry "GGB"]
[SourceTitle "playchess.com"]
[Source "ChessBase"]
[SourceQuality "1"]
[TimeControl "6600+10"]

1. e4 e6 2. d4 d5 3. exd5 exd5 4. c4 Nf6 5. Bd3 Be7 6. Ne2 O-O 7. Nbc3 c6 8. h3 Nbd7 9. O-O dxc4 10. Bxc4 Nb6 11. Bd3 Nbd5 12. Nf4 Nxf4 13. Bxf4 Be6 14. Re1 Re8 15. Be5 Qd7 16. Qf3 Bd5 17. Nxd5 Qxd5 18. Qg3 Rad8 19. Rad1 Bd6 20. Qh4 Qe6 21. Re3 h6 22. Rg3 Bxe5 23. dxe5 Nd7 24. f4 Nc5 25. Bh7+ Kxh7 26. Rxd8 Rxd8 27. Qxd8 Qf5 28. Qd4 b6 29. b4 Ne6 30. Qd3 Qxd3 31. Rxd3 Nxf4 32. Rd7 Kg6 33. a3 Ne6 34. Rxa7 c5 35. Rb7 Kf5 36. Rxf7+ Kxe5 37. bxc5 bxc5 38. a4 c4 39. a5 c3 40. a6 c2 41. Rf1 Nc7 42. Rc1 Nxa6 43. Rxc2 Nb4 44. Rf2 Ke6 45. Rf3 Nd5 46. Kf2 Nf6 47. Kg3 Ne4+ 48. Kf4 Ng5 49. Ra3 Kf6 50. Ra6+ Ne6+ 51. Kg4 g6 52. h4 Ke5 53. g3 Kf6 54. h5 g5 55. Kf3 Ke5 56. Ra5+ Kf6 57. Ke4 Nc7 58. Ra7 Nb5 59. Rh7 Nd6+ 60. Kd5 Nf5 61. Kc6 Nxg3 62. Rxh6+ Ke5 1/2-1/2

[Event "Gibraltar Junior Intl U16 2019"]
[Site "Caleta"]
[Date "2019.08.18"]
[Round "5.18"]
[White "Guerreiro, Jose Velho"]
[Black "Gutierrez Lupion, Nuria"]
[Result "0-1"]
[ECO "D56"]
[WhiteElo "1513"]
[BlackElo "1712"]
[Annotator "NA"]
[PlyCount "106"]
[EventDate "2019.08.16"]
[EventType "swiss"]
[EventCountry "GGB"]
[SourceTitle "playchess.com"]
[Source "ChessBase"]
[SourceQuality "1"]
[TimeControl "6600+10"]

1. d4 Nf6 2. c4 e6 3. Nc3 d5 4. Nf3 Be7 5. Bg5 h6 6. Bh4 Nbd7 7. e3 O-O 8. cxd5 Nxd5 9. Nxd5 exd5 10. Bg3 Nf6 11. Bd3 Bg4 12. O-O Ne4 13. Bf4 Bd6 14. Bxd6 Qxd6 15. h3 Bxf3 16. gxf3 Ng5 17. h4 Nh7 18. Kh1 Qf6 19. Bxh7+ Kxh7 20. Qc2+ Kg8 21. Qxc7 Qxf3+ 22. Kg1 Rae8 23. Qg3 Rxe3 24. Qxf3 Rxf3 25. Rfe1 Rf4 26. Rad1 Re4 27. Rxe4 dxe4 28. d5 f5 29. h5 Kf7 30. Kg2 Kf6 31. Kg3 Ke5 32. d6 f4+ 33. Kg4 Rd8 34. d7 e3 35. fxe3 fxe3 36. Kf3 Ke6 37. Rg1 Rxd7 38. Kxe3 Kf6 39. Rg6+ Kf7 40. Rg4 Rd5 41. Rf4+ Ke6 42. Rh4 Re5+ 43. Kf3 Kf6 44. a4 b6 45. b3 Rf5+ 46. Kg3 Kg5 47. Rg4+ Kxh5 48. Rxg7 Rg5+ 49. Rxg5+ Kxg5 50. Kh3 Kf4 51. Kh4 Ke4 52. Kh5 Kd4 53. Kxh6 Kc3 0-1

[Event "Gibraltar Junior Intl U16 2019"]
[Site "Caleta"]
[Date "2019.08.18"]
[Round "5.19"]
[White "Guilfanov, Raphael"]
[Black "Patel, Devan"]
[Result "0-1"]
[ECO "D02"]
[WhiteElo "1493"]
[BlackElo "1659"]
[Annotator "NA"]
[PlyCount "64"]
[EventDate "2019.08.16"]
[EventType "swiss"]
[EventCountry "GGB"]
[SourceTitle "playchess.com"]
[Source "ChessBase"]
[SourceQuality "1"]
[TimeControl "6600+10"]

1. d4 d5 2. Bf4 Nf6 3. e3 c5 4. c3 Nc6 5. Nf3 Qb6 6. Qc2 Bf5 7. Qb3 c4 8. Qxb6 axb6 9. Nbd2 b5 10. Be2 e6 11. Ne5 Nxe5 12. Bxe5 Nd7 13. Bg3 Be7 14. O-O O-O 15. a3 Nb6 16. f3 Ra7 17. e4 Bg6 18. Ra2 Rfa8 19. Re1 Kf8 20. Bd1 f6 21. Re2 Nc8 22. Bc2 Kf7 23. Ra1 b4 24. Rae1 bxa3 25. bxa3 Rxa3 26. Re3 Ra2 27. Rc1 Ba3 28. Rb1 Rxc2 29. Rxb7+ Kf8 30. exd5 Rxd2 31. Rxe6 Rd1+ 32. Kf2 Bf7 0-1

[Event "Gibraltar Junior Intl U16 2019"]
[Site "Caleta"]
[Date "2019.08.18"]
[Round "5.20"]
[White "Garcia Calero, Jose Maria"]
[Black "Miller, Max C"]
[Result "1/2-1/2"]
[ECO "B25"]
[WhiteElo "1395"]
[BlackElo "1563"]
[Annotator "NA"]
[PlyCount "80"]
[EventDate "2019.08.16"]
[EventType "swiss"]
[EventCountry "GGB"]
[SourceTitle "playchess.com"]
[Source "ChessBase"]
[SourceQuality "1"]
[TimeControl "6600+10"]

1. e4 c5 2. Nc3 Nc6 3. g3 d6 4. Bg2 g6 5. d3 Bg7 6. f4 f5 7. Nf3 Qc7 8. O-O Bd7 9. Rb1 e6 10. Bd2 a6 11. Ne2 Nge7 12. Bc3 e5 13. exf5 Nxf5 14. Qd2 O-O-O 15. fxe5 dxe5 16. Ng5 Bh6 17. Qc1 Ncd4 18. Nxd4 Nxd4 19. Rf2 Rdf8 20. Bxd4 exd4 21. Rxf8+ Rxf8 22. Kh1 Bc6 23. Qd2 Bxg2+ 24. Kxg2 Qc6+ 25. Kg1 Qd5 26. h4 Bxg5 27. Qxg5 Qxg5 28. hxg5 Rf5 29. Rf1 Rxf1+ 30. Kxf1 Kd7 31. Kf2 Ke6 32. g4 Kd5 33. Kf3 b5 34. b3 a5 35. a3 a4 36. bxa4 bxa4 37. Kf4 Kd6 38. Ke4 Ke6 39. Kf4 Kd5 40. Kf3 Ke6 1/2-1/2

[Event "Gibraltar Junior Intl U16 2019"]
[Site "Caleta"]
[Date "2019.08.18"]
[Round "5.21"]
[White "Gaspar Lopez, Rocio"]
[Black "Walker, Max"]
[Result "0-1"]
[ECO "B90"]
[WhiteElo "1367"]
[BlackElo "1667"]
[Annotator "NA"]
[PlyCount "254"]
[EventDate "2019.08.16"]
[EventType "swiss"]
[EventCountry "GGB"]
[SourceTitle "playchess.com"]
[Source "ChessBase"]
[SourceQuality "1"]
[TimeControl "6600+10"]

1. e4 c5 2. Nf3 d6 3. d4 cxd4 4. Nxd4 Nf6 5. Nc3 a6 6. h3 e5 7. Nde2 Be7 8. g4 Be6 9. Bg2 Nc6 10. O-O O-O 11. Ng3 Bc4 12. Re1 b5 13. Nd5 Bxd5 14. exd5 Na5 15. Nf5 Nd7 16. Nxe7+ Qxe7 17. f4 Rac8 18. b3 Rfe8 19. Ba3 Qf6 20. f5 Nb7 21. Re2 Nbc5 22. Qe1 e4 23. Rd1 Ne5 24. Kh1 Qh6 25. Bc1 Qf6 26. Rdd2 Kf8 27. Bb2 Qh6 28. Bxe5 Rxe5 29. Re3 Nd7 30. Qg3 Qf6 31. Ree2 Rce8 32. Qe1 e3 33. Rd1 Nc5 34. Ra1 Ne4 35. Bxe4 Rxe4 36. Rd1 Qe5 37. Rd3 h5 38. Qg1 hxg4 39. hxg4 f6 40. Qh2 Qa1+ 41. Qg1 Qxg1+ 42. Kxg1 Rxg4+ 43. Kh2 Rf4 44. Rdxe3 Rxe3 45. Rxe3 Rxf5 46. Rc3 Rxd5 47. Rc6 Ke7 48. Kg3 Rd2 49. Kf3 Ke6 50. Ke3 Rh2 51. Kd3 Rh3+ 52. Kd2 Kd5 53. Rxa6 g5 54. a4 bxa4 55. Rxa4 f5 56. Ra5+ Ke6 57. b4 g4 58. b5 g3 59. Ra1 Kd5 60. b6 Kc6 61. Rf1 g2 62. Rg1 Rg3 63. b7 Kxb7 64. Ke2 f4 65. Kf2 Rc3 66. Rb1+ Kc6 67. Kxg2 Rxc2+ 68. Kf3 Rc4 69. Rh1 Kc5 70. Rh5+ d5 71. Rf5 Re4 72. Rh5 Kd4 73. Rh1 Kc3 74. Rc1+ Kd2 75. Rc5 Rd4 76. Ra5 Kc3 77. Rc5+ Kd3 78. Ra5 Kc4 79. Ra4+ Kc5 80. Ra5+ Kd6 81. Ra6+ Ke5 82. Ra8 Rd3+ 83. Ke2 Rb3 84. Re8+ Kd4 85. Rf8 Re3+ 86. Kf2 f3 87. Rf4+ Kd3 88. Ra4 d4 89. Ra3+ Ke4 90. Ra8 Re2+ 91. Kf1 Rb2 92. Re8+ Kf4 93. Rf8+ Ke4 94. Re8+ Kd3 95. Ra8 Ke3 96. Re8+ Kd2 97. Kf2 d3 98. Kxf3 Kc1 99. Re1+ Kd2 100. Rh1 Rb8 101. Rh2+ Kc1 102. Ke3 Rd8 103. Rh1+ Kc2 104. Rh2+ d2 105. Rg2 Kc1 106. Rg1+ d1=Q 107. Rxd1+ Rxd1 108. Ke2 Rd8 109. Ke3 Kc2 110. Ke2 Re8+ 111. Kf3 Kd2 112. Kf4 Kd3 113. Kf3 Rf8+ 114. Kg4 Rf1 115. Kg3 Ke3 116. Kg4 Rf2 117. Kg3 Rf8 118. Kg4 Rf7 119. Kg3 Rg7+ 120. Kh4 Rg1 121. Kh3 Kf2 122. Kh4 Kf3 123. Kh5 Kf4 124. Kh6 Kf5 125. Kh7 Kf6 126. Kh8 Kf7 127. Kh7 Rh1# 0-1

[Event "Gibraltar Junior Intl U16 2019"]
[Site "Caleta"]
[Date "2019.08.18"]
[Round "5.23"]
[White "Dhanwani, Aryan"]
[Black "Lv, Jason"]
[Result "1/2-1/2"]
[ECO "C50"]
[WhiteElo "1319"]
[BlackElo "1532"]
[Annotator "NA"]
[PlyCount "73"]
[EventDate "2019.08.16"]
[EventType "swiss"]
[EventCountry "GGB"]
[SourceTitle "playchess.com"]
[Source "ChessBase"]
[SourceQuality "1"]
[TimeControl "6600+10"]

1. e4 e5 2. Nf3 Nc6 3. Bc4 Bc5 4. d3 h6 5. O-O Nf6 6. Nc3 d6 7. Na4 Bb6 8. Nxb6 axb6 9. Be3 Be6 10. Bxe6 fxe6 11. c3 O-O 12. b4 b5 13. a4 bxa4 14. Rxa4 Qe7 15. b5 Na5 16. Qc2 b6 17. Rfa1 g5 18. Bd2 Rab8 19. c4 Nb7 20. d4 Qh7 21. dxe5 Nxe4 22. exd6 Nbxd6 23. Bb4 g4 24. Bxd6 cxd6 25. c5 bxc5 26. Qxe4 Qxe4 27. Rxe4 gxf3 28. Rxe6 Rfd8 29. Ra7 Rxb5 30. Rg6+ Kh8 31. Rxh6+ Kg8 32. gxf3 c4 33. Rg6+ Kh8 34. Rc7 d5 35. Rh6+ Kg8 36. Rg6+ Kh8 37. Rh6+ 1/2-1/2

[Event "Gibraltar Junior Intl U16 2019"]
[Site "Caleta"]
[Date "2019.08.18"]
[Round "5.24"]
[White "Gough, Theo"]
[Black "Rayner, Hugo"]
[Result "0-1"]
[ECO "B50"]
[WhiteElo "1474"]
[BlackElo "1448"]
[Annotator "NA"]
[PlyCount "86"]
[EventDate "2019.08.16"]
[EventType "swiss"]
[EventCountry "GGB"]
[SourceTitle "playchess.com"]
[Source "ChessBase"]
[SourceQuality "1"]
[TimeControl "6600+10"]

1. e4 c5 2. Nf3 d6 3. c3 Nf6 4. Qc2 g6 5. d4 cxd4 6. cxd4 Bg7 7. Nc3 O-O 8. Be2 Nbd7 9. Be3 e5 10. d5 Nb6 11. Qd2 Ne8 12. Bh6 f5 13. Bxg7 Kxg7 14. h4 h5 15. Ng5 Nf6 16. f3 fxe4 17. fxe4 Ng4 18. Rf1 Rxf1+ 19. Kxf1 Qf6+ 20. Bf3 Nc4 21. Qe2 Nce3+ 22. Ke1 Qf4 23. Bxg4 Bxg4 24. Qf2 Rf8 25. Qxf4 Rxf4 26. Kd2 Nxg2 27. Nb5 Nxh4 28. Nxd6 Nf3+ 29. Nxf3 Bxf3 30. Rf1 Bg2 31. Rxf4 exf4 32. Nxb7 Bxe4 33. d6 Bc6 34. Nc5 h4 35. Ne6+ Kf6 36. Nxf4 g5 37. Ne2 Ke6 38. Nd4+ Kxd6 39. Nf5+ Ke5 40. Ne3 Kf4 41. Ke2 h3 42. Nf1 Bg2 43. Kf2 Bxf1 0-1

[Event "Gibraltar Junior Intl U16 2019"]
[Site "Caleta"]
[Date "2019.08.18"]
[Round "5.25"]
[White "Harbinson, Alec Ryan"]
[Black "Moughtin-Leay, John"]
[Result "1-0"]
[ECO "C50"]
[WhiteElo "1118"]
[BlackElo "1215"]
[Annotator "NA"]
[PlyCount "23"]
[EventDate "2019.08.16"]
[EventType "swiss"]
[EventCountry "GGB"]
[SourceTitle "playchess.com"]
[Source "ChessBase"]
[SourceQuality "1"]
[TimeControl "6600+10"]

1. e4 e5 2. Nf3 Nf6 3. Nc3 Nc6 4. Bc4 Bc5 5. d3 O-O 6. Bg5 d6 7. Nd5 Be6 8. Nxf6+ gxf6 9. Bh6 Re8 10. Nd2 f5 11. exf5 Bxc4 12. Qg4+ {[%emt 0:02:43] Qh4} 1-0

[Event "Gibraltar Junior Intl U16 2019"]
[Site "Caleta"]
[Date "2019.08.19"]
[Round "6.2"]
[White "Cesar Maestre, Bernardo"]
[Black "Revaliente Montoya, Ciro"]
[Result "1-0"]
[ECO "E60"]
[WhiteElo "2084"]
[BlackElo "2006"]
[Annotator "NA RC"]
[PlyCount "111"]
[EventDate "2019.08.16"]
[EventType "swiss"]
[EventCountry "GGB"]
[SourceTitle "playchess.com"]
[Source "ChessBase"]
[SourceQuality "1"]
[TimeControl "6600+10"]

1. d4 Nf6 2. Nf3 g6 3. g3 Bg7 4. Bg2 d6 5. O-O O-O 6. c4 Bf5 7. Nc3 Ne4 8. Nd5 {[%emt 0:00:03] E60: King's Indian: Unusual lines and Fianchetto Variation without Nc3} c6 9. Ne3 Bd7 10. b3 c5 $146 ({Predecessor:} 10... e5 11. Bb2 Re8 12. Qc2 f5 13. Rfd1 Qc7 14. c5 dxc5 15. dxe5 Be6 {1-0 (41) Cheparinov,I (2682)-Caruana,F (2791) Dubai 2014}) 11. Bb2 Nc6 12. Qd3 cxd4 13. Nxd4 Nc5 14. Qd2 Rc8 15. Rfd1 Nxd4 16. Bxd4 Bc6 17. Nd5 Bxd5 18. Bxd5 a5 19. Rac1 Qc7 20. h4 e6 21. Bf3 Rfd8 22. h5 e5 23. Be3 b6 (23... e4 $16) 24. Bg5 Rd7 25. Bd5 Re8 26. hxg6 hxg6 27. Kg2 Ne6 28. Rh1 Nxg5 29. Qxg5 Kf8 30. Rh7 Qd8 31. Qe3 Rc7 32. Rch1 Qf6 33. Qxb6 Rc5 34. e4 Rec8 35. a3 g5 36. b4 axb4 37. axb4 Rxd5 38. cxd5 Rc3 39. Qb8+ Ke7 40. Qa7+ Kf8 41. Qa8+ Ke7 42. Rf1 Qg6 43. Qb7+ $2 (43. Qg8 $18) 43... Kf8 $2 (43... Kf6 $16) 44. Qb8+ Ke7 {[%emt 0:00:07] [#]} 45. Rxg7 $1 Qxg7 46. Ra1 g4 47. Ra7+ Kf6 48. Qxd6+ Kg5 {[%emt 0:00:01] [#]} 49. Rxf7 $3 Rxg3+ 50. fxg3 Qxf7 51. Qxe5+ Kg6 52. Qe6+ Qxe6 53. dxe6 Kf6 54. Kf2 Kxe6 55. Ke3 Ke5 56. b5 {[%emt 0:00:07] Kd5} 1-0

[Event "Gibraltar Junior Intl U16 2019"]
[Site "Caleta"]
[Date "2019.08.19"]
[Round "6.3"]
[White "Llena Velarde, David"]
[Black "Kracht, Raphael"]
[Result "1-0"]
[ECO "C54"]
[WhiteElo "1920"]
[BlackElo "2072"]
[Annotator "NA RC"]
[PlyCount "71"]
[EventDate "2019.08.16"]
[EventType "swiss"]
[EventCountry "GGB"]
[SourceTitle "playchess.com"]
[Source "ChessBase"]
[SourceQuality "1"]
[TimeControl "6600+10"]

1. e4 e5 2. Nf3 Nc6 3. Bc4 Bc5 4. c3 Nf6 5. d3 O-O 6. b4 Bb6 7. O-O d6 8. Nbd2 a5 9. b5 Ne7 10. Bb3 c6 11. a4 Ng6 12. Nc4 {[%emt 0:00:11] C54: Giuoco Piano: 4 c3 Nf6, main lines with 5 d4 and 5 d3} Bc7 13. Ba3 (13. Re1 Be6 14. Ba3 Re8 15. Ng5 Bxc4 16. Bxc4 d5 17. Ba2 Bd6 18. Bxd6 Qxd6 19. Rb1 h6 {0-1 (42) Ganguly,S (2615)-Karjakin,S (2753) Kolkata 2018}) 13... d5 14. Ne3 Bd6 $146 ({Predecessor:} 14... Re8 15. g3 h6 16. Nd2 Bh3 17. Re1 Bb6 18. exd5 cxd5 19. Bb2 Qd7 {0-1 (56) Baranowski,T (2351)-Kuzmin,V (2383) ICCF email 2016}) 15. Bxd6 Qxd6 16. Qc2 Ng4 17. bxc6 bxc6 18. exd5 Nxe3 19. fxe3 cxd5 20. c4 dxc4 21. Bxc4 ({Don't play} 21. dxc4 Qc5 $15) 21... Be6 22. Ng5 Bxc4 23. Qxc4 Qe7 24. Qg4 Qd6 {[%emt 0:21:15] [#]} (24... Qa7 $11 {remains equal.} 25. Rae1 h6) 25. Rad1 (25. Nxf7 $1 $16 Qd5 26. Ng5) 25... h6 26. Nxf7 Rxf7 27. Rxf7 Rf8 28. Rxf8+ Nxf8 29. d4 Qb4 (29... Qa3 $142 30. Qe4 Qxa4) 30. Qf3 exd4 31. Qd5+ Kh7 32. Qxd4 Qb7 33. Qd3+ Kh8 {[%emt 0:00:27] [#]} 34. Qd8 $1 Qb4 35. Rf1 Kg8 $18 36. Qe8 1-0